Map: Port Aleksander LE

Players

Jay - Winner!

  • Race: Terran Terran
  • League: Platinum
  • Spawn Location: 5:00

Taku

  • Race: Protoss Protoss
  • League: Gold
  • Spawn Location: 11:00

VOD

Have the link to the VOD?

Description

マリンマローダーにやられたやつ

Time

  • Played on: May 11, 2019, 1:04 p.m.
  • Length: 12:04
Show
View Real Time Build Order
Export as new Build Order

Jay Terran - Winner!

Build Orders:  

Get SALT Encoding   

  12  0:00  SCV  
  13  0:13  SCV  
  14  0:20  Supply Depot  
  14  0:25  SCV  
  15  0:41  SCV  
  15  0:42  Barracks  
  16  0:48  Refinery  
  16  0:53  SCV  
  17  1:05  SCV  
  18  1:17  SCV  
  19  1:30  SCV  
  20  1:40  Marine  
  20  1:42  Orbital Command  
  21  1:59  Command Center  
  21  2:06  Barracks Tech Lab  
  21  2:08  SCV  
  21  2:10  Supply Depot  
  22  2:23  SCV  
  22  2:27  Concussive Shells  
  23  2:32  Marauder  
  25  2:38  Barracks  
  25  2:42  Barracks  
  25  2:45  SCV  
  26  2:54  Marauder  
  28  3:01  Engineering Bay  
  28  3:04  SCV  
  29  3:12  Stimpack  
  29  3:14  Marine  
  29  3:16  SCV  
  29  3:18  Refinery  
  31  3:32  Barracks Reactor  
  31  3:33  Barracks Reactor  
  31  3:34  Marine  
  32  3:35  SCV  
  32  3:39  SCV  
  34  3:48  Terran Infantry Weapons Level 1  
  34  3:50  SCV  
  34  3:51  Marine  
  34  3:54  Orbital Command  
  36  4:09  Marine  
  36  4:13  Marine  
  36  4:14  Marine x2  
  39  4:19  Barracks  
  39  4:21  Barracks, SCV  
  39  4:23  SCV  
  41  4:27  Marine  
  42  4:35  Supply Depot  
  42  4:36  SCV x2  
  44  4:39  Marine x2  
  46  4:49  Missile Turret  
  46  4:51  Missile Turret  
  46  4:56  Marine, SCV x2  
  46  4:57  Marine x2, Marauder  
  46  4:58  Missile Turret  
  53  5:02  Supply Depot  
  53  5:06  Supply Depot  
  53  5:09  SCV  
  53  5:14  Barracks Tech Lab  
  54  5:17  Barracks Tech Lab  
  54  5:18  Combat Shield  
  54  5:27  Marine x2, SCV x2  
  54  5:28  Marauder  
  60  5:29  Supply Depot  
  60  5:34  Supply Depot  
  60  5:35  Marine x2  
  62  5:43  Terran Infantry Armor Level 1  
  62  5:45  SCV  
  62  5:50  Marine x2  
  62  5:54  Marine x4, Marauder  
  70  6:04  Refinery  
  70  6:05  SCV  
  70  6:08  Marine  
  70  6:09  Marauder  
  70  6:10  Factory  
  74  6:12  Marine  
  74  6:16  Marauder  
  77  6:19  Marine  
  77  6:20  Marine, Supply Depot  
  77  6:22  Supply Depot  
  79  6:28  Marine, Marauder  
  79  6:29  Marine  
  83  6:33  SCV x2  
  83  6:39  Refinery  
  80  6:52  Marine x5, Marauder x2  
  79  7:09  Marine  
  79  7:15  Marine x4, Marauder  
  81  7:16  Marauder  
  79  7:27  Marine  
  80  7:33  Marine x3  
  80  7:34  Marauder  
  80  7:36  Marine  
  85  7:37  Marauder  
  84  7:45  Marine  
  84  7:49  Factory Reactor  
  85  7:52  Starport  
  85  7:54  SCV x2  
  87  7:59  Marine  
  87  8:00  Marine x2  
  87  8:02  Command Center  
  90  8:09  Marine x2  
  90  8:10  Marine, Marauder  
  90  8:11  SCV  
  96  8:17  Marine, Armory  
  96  8:18  SCV  
  98  8:24  Engineering Bay  
  90  8:41  Marine x3, Marauder  
  90  8:43  Medivac x2  
  97  8:53  Barracks  
  97  8:56  Barracks, Factory Tech Lab  
  97  8:59  SCV x2  
  99  9:09  Terran Infantry Weapons Level 2  
  99  9:11  Terran Infantry Armor Level 2, SCV  
  99  9:12  SCV  
  99  9:23  SCV  
  99  9:24  SCV  
  95  9:28  Marine x5, Marauder  
  95  9:29  Marauder  
  103  9:35  Terran Vehicle And Ship Armor Level 1, SCV  
  103  9:37  SCV  
  106  9:41  Orbital Command  
  106  9:43  Barracks Reactor  
  106  9:44  Barracks Tech Lab  
  105  9:48  SCV  
  105  9:49  Supply Depot  
  105  9:51  Siege Tank  
  109  9:52  Medivac  
  109  9:55  Medivac  
  109  9:57  SCV  
  114  10:11  Marine x3, Marauder  
  119  10:22  Marine x4, Medivac  
  119  10:23  Marine, Marauder  
  119  10:24  Siege Tank  
  119  10:25  Medivac, Supply Depot  
  133  10:33  Supply Depot  
  133  10:34  Armory  
  133  10:41  Marine x2, Marauder  
  137  10:43  SCV  
  137  10:44  SCV  
  137  10:48  Refinery  
  137  10:49  Refinery, Supply Depot  
  139  10:56  Missile Turret  
  139  11:16  Marine x6, Marauder  
  139  11:17  Marine x2, Marauder  
  151  11:33  Marine  
  151  11:34  Marine x5  
  151  11:35  Marauder x2  
  151  11:37  Marine x2  
Show
View Real Time Build Order
Export as new Build Order

Taku Protoss 

Build Orders: 1 Gate Expand, Blink Stalkers 

Get SALT Encoding   

  12  0:02  Probe  
  13  0:14  Probe  
  14  0:18  Pylon  
  14  0:22  Probe  
  15  0:32  Probe  
  15  0:38  Gateway  
  16  0:43  Probe  
  16  0:47  Assimilator  
  17  0:54  Probe  
  18  1:02  Probe  
  18  1:10  Probe  
  20  1:25  Nexus  
  20  1:41  Cybernetics Core  
  20  1:52  Assimilator  
  20  1:54  Pylon  
  20  2:02  Probe  
  21  2:08  Adept  
  21  2:14  Probe  
  22  2:19  Warp Gate  
  24  2:26  Probe  
  25  2:32  Twilight Council  
  25  2:38  Probe x2  
  27  2:49  Stalker  
  29  2:54  Probe x2  
  29  2:58  Pylon  
  31  3:04  Probe x2  
  31  3:05  Gateway  
  31  3:12  Probe x2  
  33  3:18  Blink  
  35  3:25  Stalker  
  37  3:29  Shield Battery  
  37  3:40  Robotics Facility  
  37  3:44  Probe x2  
  39  4:01  Probe x2  
  41  4:13  Stalker x2  
  45  4:18  Probe x2  
  45  4:20  Immortal  
  47  4:30  Gateway  
  51  4:32  Gateway  
  53  4:45  Probe x2  
  53  4:48  Assimilator  
  53  4:50  Assimilator  
  53  5:00  Pylon  
  53  5:05  Pylon  
  53  5:08  Probe  
  53  5:10  Pylon  
  54  5:17  Warp Prism, Gateway  
  54  5:19  Gateway, Charge  
  54  5:20  Stalker x2  
  60  5:35  Stalker  
  62  5:36  Stalker  
  62  5:39  Probe  
  62  5:40  Probe  
  66  5:45  Gateway  
  66  5:46  Gateway  
  64  5:50  Zealot x2  
  68  5:57  Pylon  
  68  6:04  Observer  
  69  6:13  Probe x2  
  69  6:16  Stalker  
  73  6:25  Immortal  
  77  6:36  Zealot x2  
  77  6:37  Zealot x2  
  75  6:51  Zealot x4  
  56  7:07  Immortal  
  56  7:08  Zealot x3  
  63  7:09  Sentry  
  61  7:22  Zealot  
  61  7:23  Zealot  
  61  7:24  Sentry  
  62  7:42  Sentry  
  62  7:56  Pylon  
  62  7:57  Pylon, Observer  
  63  7:59  Pylon  
  63  8:00  Pylon  
  63  8:15  Sentry x3  
  63  8:16  Sentry, Zealot x3  
  69  8:45  Sentry  
  69  8:46  Sentry x2  
  75  8:48  Zealot x2  
  79  9:13  Observer  
  75  9:39  Nexus  
  74  10:13  Probe  
  75  10:18  Observer  
  75  10:23  Templar Archives  
  76  10:29  Sentry  
  76  10:30  Sentry  
  80  10:47  Probe  
  81  10:59  Probe  
  82  11:15  Stalker  
  82  11:16  Stalker  
  86  11:27  Probe x2  
  86  11:32  Stalker x4  
  90  11:33  Stalker  
Tags
 
Add a new tag
Caveats
  • Supply blocks, unpowered buildings, or Contaminate may cause inaccurate times.
  • Supply counts are checked every 10 seconds.